 Dungeon Crawl Stone Soup version 0.17-a0-1880-gacf7e67 (webtiles) character file.

720 kae the Spear-Bearer (level 7, -11/62 HPs)
             Began as a Naga Fighter on Sept 21, 2015.
             Killed from afar by Pikel (25 damage)
             ... with a wand of cold
             ... on level 5 of the Dungeon.
             The game lasted 00:06:08 (4198 turns).

kae the Spear-Bearer (Naga Fighter)                 Turns: 4198, Time: 00:06:08

Health: -11/62     AC:  6    Str: 18    XL:     7   Next: 70%
Magic:  7/7        EV:  7    Int: 13    God:
Gold:   277        SH:  0    Dex: 13    Spells: 0 memorised, 6 levels left

rFire  . . .     SeeInvis +     y - +4 halberd
rCold  . . .     Clarity  .     b - +1 scale mail
rNeg   . . .     SustAt   .     (no shield)
rPois  +         Gourm    .     (no helmet)
rElec  .         Spirit   .     (no cloak)
rCorr  .         Warding  .     (no gloves)
rMut   .         Stasis   .     (no barding)
MR     .....                    f - amulet of rage
Stlth  +.........               u - ring of stealth
                                n - +5 ring of intelligence

@: very slightly contaminated, hasted, quick, not resistant to hostile
enchantments, very unstealthy
A: see invisible, deformed body, poison resistance, slowness 2, slow metabolism
1, spit poison 2, AC +2
a: Spit Poison, Evoke Berserk Rage


You were on level 5 of the Dungeon.
You were not hungry.

You visited 1 branch of the dungeon, and saw 5 of its levels.

You collected 277 gold pieces.

Inventory:

Hand weapons
 a - a +0 trident
 q - a +0 scythe
 y - a +4 halberd (weapon)
Armour
 b - a +1 scale mail (worn)
 c - a +0 shield
Jewellery
 f - an amulet of rage (around neck)
 n - a +5 ring of intelligence (left hand)
 u - a ring of stealth (right hand)
Magical devices
 p - a wand of polymorph (7)
Scrolls
 h - 3 scrolls of remove curse
 k - a scroll of amnesia
 r - a scroll of teleportation
 v - a scroll of immolation
Potions
 j - a potion of beneficial mutation {unknown}
 s - a potion of cancellation {unknown}
 t - a potion of mutation
 x - 2 potions of curing
Books
 d - a Young Poisoner's Handbook

   Spells                             Type                      Level
   a - Sting                          Conjuration/Poison           1
   b - Cure Poison                    Poison                       2
   c - Mephitic Cloud                 Conjuration/Poison/Air       3
   d - Olgreb's Toxic Radiance        Poison                       4
   e - Venom Bolt                     Conjuration/Poison           5
Comestibles
 e - 3 bread rations
 g - 3 chunks of flesh
 m - 4 beef jerkies
 o - 5 meat rations
 A - a fruit


   Skills:
 - Level 3.0 Fighting
 + Level 8.5 Polearms
 - Level 2.4 Armour
 - Level 2.4 Shields


You had 6 spell levels left.
You didn't know any spells.

Dungeon Overview and Level Annotations

Branches:
Dungeon (5/15)
 Temple: D:4-7

Altars:
Ashenzari
Gozag
Kikubaaqudgha
Makhleb
Okawaru
Sif Muna
Trog
Vehumet
Zin

Annotations:
D:5 Pikel


Innate Abilities, Weirdness & Mutations

You cannot wear boots.
Your serpentine skin is tough (AC +2).
You have supernaturally acute eyesight.
Armour fits poorly on your strangely shaped body.
Your system is resistant to poisons.
You cover ground very slowly.
You have a slow metabolism.
You can spit poison.


Message History

You barely miss the slave.
The slave is heavily wounded.
The slave barely misses you.
You hit the slave.
The slave is severely wounded.
You barely miss Pikel. You hit Pikel.
Pikel is lightly wounded.
You closely miss Pikel.
Pikel is lightly wounded.
Pikel zaps a wand.
The bolt of cold hits you!
* * * LOW HITPOINT WARNING * * *
You are too injured to fight recklessly!
You are too injured to fight recklessly!
You are too injured to fight recklessly!
You are too injured to fight recklessly!
You completely miss Pikel.
Pikel is lightly wounded.
Pikel zaps a wand.
The bolt of cold hits you!
You die...

#.....#..........
#.....#........[
##...##.....###
#...#......#
##.##......#####
#.#....###....##
+####.###.......#
###...###.........#
..#$_J#@Kp........#
###...###p........#
#.### ###..[...## .
# ###.#### ..# K..#
..%.# p....#
......#


You could see Pikel, 2 slaves and a jelly.

Vanquished Creatures
  Sigmund (D:2)
  2 slaves (D:5)
  A phantom (D:4)
  An ogre (D:5)
  The ghost of Uberwunderbarhen the Firebug, an average DEFE (D:3)
  A jelly (D:4)
  3 worker ants (D:4)
  An iguana (D:4)
  Robin (D:2)
  3 gnolls (D:3)
  6 adders
  An ooze (D:3)
  2 adder skeletons (D:4)
  4 giant geckos
  4 orcs (D:4)
  A ball python (D:2)
  3 giant cockroaches
  17 goblins
  11 hobgoblins
  7 jackals
  2 quokkas
  7 bats
  5 giant newts
  A jackal skeleton (D:4)
  8 kobolds
  7 rats
101 creatures vanquished.

Vanquished Creatures (others)
  11 fungi (D:2)
11 creatures vanquished.

Grand Total: 112 creatures vanquished

Notes
Turn   | Place    | Note
--------------------------------------------------------------
     0 | D:1      | kae the Naga Fighter began the quest for the Orb.
     0 | D:1      | Reached XP level 1. HP: 21/21 MP: 1/1
     2 | D:1      | Noticed an electric eel
   238 | D:1      | Reached XP level 2. HP: 28/28 MP: 2/2
   719 | D:2      | Reached XP level 3. HP: 3/34 MP: 3/3
   958 | D:2      | Noticed Sigmund
   968 | D:2      | Killed Sigmund
   968 | D:2      | Reached skill level 5 in Polearms
   968 | D:2      | Reached XP level 4. HP: 42/42 MP: 4/4
   968 | D:2      | Reached XP level 5. HP: 49/49 MP: 5/5
  1155 | D:2      | Noticed Robin
  1180 | D:2      | Reached skill level 6 in Polearms
  1190 | D:2      | Killed Robin
  1190 | D:2      | Reached XP level 6. HP: 14/56 MP: 6/6
  1553 | D:2      | Found a burning altar of Makhleb.
  1553 | D:2      | Found a radiant altar of Vehumet.
  1935 | D:2      | Found a deep blue altar of Sif Muna.
  2357 | D:3      | Found an iron altar of Okawaru.
  2887 | D:3      | Noticed Uberwunderbarhen's ghost (average DEFE)
  2966 | D:4      | Reached skill level 7 in Polearms
  3058 | D:4      | Reached XP level 7. HP: 57/62 MP: 7/7
  3457 | D:4      | Found a glowing silver altar of Zin.
  3458 | D:4      | Found an opulent altar of Gozag.
  3991 | D:3      | Found an ancient bone altar of Kikubaaqudgha.
  3995 | D:3      | Killed Uberwunderbarhen's ghost
  3995 | D:3      | Reached skill level 8 in Polearms
  4062 | D:5      | Entered Level 5 of the Dungeon
  4062 | D:5      | Found a bloodstained altar of Trog.
  4152 | D:5      | Found a shattered altar of Ashenzari.
  4162 | D:5      | Noticed Pikel
  4198 | D:5      | Killed from afar by Pikel

Vault maps used:
D:1:      arrival_aquarium_a, corexii_leaking_fountain
D:2:      gammafunk_temple_overflow_wave, first_bread, minmay_gold_behind_fungi,
          amethyst_killhole, led_sif_pool, uniq_sigmund, uniq_robin
D:3:      nicolae_overflow_hidden_temple, okawaru_ov_weapons_minmay,
          minmay_item_behind_shaft
D:4:      grunt_temple_overflow_gold_and_silver
D:5:      nicolae_ashenzari_panopticon, bloody_trog, minmay_temple_entry_trees,
          serial_shops, kennysheep_mini, nemelex_dance_club_becter, uniq_pikel

Action                   |  1- 3 |  4- 6 |  7- 9 || total
-------------------------+-------+-------+-------++-------
Melee: Trident           |    90 |   169 |       ||   259
       Halberd           |       |    43 |    71 ||   114
 Abil: Spit Poison       |     1 |     2 |       ||     3
Evoke: Wand              |       |       |     1 ||     1
  Use: Scroll            |     3 |       |    10 ||    13
       Potion            |     3 |     1 |     4 ||     8
  Eat: Chunk             |       |     6 |     3 ||     9
